 Dungeon Crawl Stone Soup version 0.23.1 (webtiles) character file.

Game seed: 5894533469675883087

188 Borgoz the Sneak (level 5, -4/34 (40) HPs)
             Began as a Ghoul Enchanter on Mar 7, 2019.
             Slain by a phantom (6 damage)
             ... on level 4 of the Dungeon.
             The game lasted 00:09:48 (3914 turns).

Borgoz the Sneak (Ghoul Enchanter)                  Turns: 3914, Time: 00:09:49

HP:   -4/34 (40)    AC: 10    Str: 12    XL:     5   Next: 67%
MP:   2/7           EV: 11    Int: 13    God:
Gold: 171           SH:  0    Dex: 10    Spells: 2/8 levels left

rFire    . . .     SeeInvis .   p - +4 dagger (protect)
rCold    + . .     Gourm    .   (no shield)
rNeg     + + +     Faith    .   m - +0 leather armour
rPois    ∞         Spirit   .   (no helmet)
rElec    .         Reflect  .   (no cloak)
rCorr    .         Harm     .   (no gloves)
MR       .....                  (no boots)
Stlth    +.........             (no amulet)
HPRegen  0.00/turn              (no ring)
MPRegen  0.10/turn              t - +3 ring of intelligence

@: about to teleport, protection aura, very slightly contaminated, rotting,
heavily drained
A: rotting body, claws 1, carnivore, cold resistance 1, negative energy
resistance 3, inhibited regeneration, torment resistance, unbreathing
a: no special abilities


You were on level 4 of the Dungeon.
You were not hungry.

You visited 1 branch of the dungeon, and saw 4 of its levels.

You collected 171 gold pieces.

Inventory:

Hand Weapons
 p - a +4 dagger of protection (weapon)
Missiles
 s - 49 poisoned needles
Armour
 b - a +0 plate armour
 f - a +0 scale mail
 m - a +0 leather armour (worn)
 v - a +0 ring mail
Jewellery
 l - an uncursed amulet of harm
 t - a +3 ring of intelligence (right claw)
Scrolls
 a - 2 scrolls of remove curse
 e - 2 scrolls of teleportation
 g - a scroll of blinking
 k - a scroll of magic mapping
 o - a scroll of fear {unknown}
 u - a scroll of random uselessness {unknown}
Potions
 h - 2 potions of mutation {unknown}
 i - a potion of curing {unknown}
 j - a potion of flight {unknown}
 n - a potion of agility {unknown}
 r - a potion of heal wounds
Comestibles
 d - 9 rations


   Skills:
 + Level 1.4(0.0) Fighting
 * Level 2.3(0.7) Short Blades
 * Level 2.1(0.5) Armour
 + Level 2.3(0.7) Dodging
 + Level 3.6(1.9) Stealth
 + Level 2.3(0.7) Spellcasting
 + Level 2.8(1.1) Hexes


You had 2 spell levels left.
You knew the following spells:

 Your Spells              Type           Power        Failure   Level  Hunger
a - Corona                Hex            #......      22%         1    ##.....
b - Ensorcelled Hibernat  Hex/Ice        #.....       41%         2    ###....
c - Confuse               Hex            #.......     56%         3    ####...

Your spell library contained the following spells:

 Spells                   Type           Power        Failure   Level  Hunger
 Tukima's Dance           Hex            #.......     56%         3    ####...
 Dazzling Spray           Conj/Hex       #.....       65%         3    ####...


Dungeon Overview and Level Annotations

Branches:
Dungeon (4/15)
 Temple: D:4-7

Altars:
Cheibriados

Annotations:
D:4 Pikel


Innate Abilities, Weirdness & Mutations

Your body is rotting away.
You thrive on raw meat.
You are immune to poison.
You have sharp fingernails.
You are carnivorous and can eat meat at any time.
Your flesh is cold resistant. (rC+)
You are immune to negative energy. (rN+++)
You do not regenerate when monsters are visible.
You are immune to unholy pain and torment.
You can survive without breathing.


Message History

The hound bites you.
As you read the scroll labeled VOVOME SUETZ, it crumbles to dust.
You feel strangely unstable.
It was a scroll of teleportation.
The hound bites you.
* * * LOW HITPOINT WARNING * * *
The phantom blinks!
The hound bites you.
* * * LOW HITPOINT WARNING * * *
You closely miss the hound. The hound bites you but does no damage.
The phantom closely misses you.
You hit the hound.
Your weapon exudes an aura of protection.
The hound is lightly wounded.
The hound bites you but does no damage. The phantom completely misses you.
The hound bites you but does no damage.
You puncture the hound!
The hound is severely wounded.
The hound bites you.
* * * LOW HITPOINT WARNING * * *
The phantom hits you.
You die...

#.#.# #.#.# #.. #.
.# #.#.## ..##...#
#....## .......
..... ...... ... #
..#.. #W# .# # #
....
#@####.#.##.#.#...
#h#.....# #.>.....
#p.....# #.....#..
###.###.#.######p.
#.# #.# #s. #.#
#.# #.. #K#
#.#######..
#p####..........
#...K.p.######..


You could see a phantom, a slave and a hound.

Vanquished Creatures
  A worker ant (D:4)
  5 adders
  4 gnolls
  5 dart slugs
  A leopard gecko (D:4)
  2 orcs (D:3)
  A ball python (D:4)
  8 bats
  2 giant cockroaches
  7 goblins
  5 hobgoblins
  12 jackals
  6 kobolds
  2 quokkas (D:2)
  2 frilled lizards (D:1)
  7 rats
70 creatures vanquished.

Notes
Turn   | Place    | Note
-------+----------+-------------------------------------------
     0 | D:1      | Borgoz the Ghoul Enchanter began the quest for the Orb.
     0 | D:1      | Reached XP level 1. HP: 14/14 MP: 2/2
   228 | D:1      | Reached skill level 1 in Short Blades
   323 | D:1      | Found a snail-covered altar of Cheibriados.
   433 | D:1      | Reached XP level 2. HP: 19/21 MP: 3/3
   677 | D:1      | Reached skill level 1 in Armour
  1153 | D:2      | Reached XP level 3. HP: 26/27 MP: 5/5
  1505 | D:2      | Learned a level 2 spell: Ensorcelled Hibernation
  1509 | D:2      | Learned a level 3 spell: Confuse
  1703 | D:2      | Reached XP level 4. HP: 31/33 MP: 6/6
  1763 | D:2      | Reached skill level 1 in Fighting
  2424 | D:2      | Reached XP level 5. HP: 22/40 MP: 4/7
  3875 | D:4      | Noticed a slave
  3890 | D:4      | Noticed Pikel
  3898 | D:4      | Noticed a phantom
  3914 | D:4      | Slain by a phantom

Skill      XL: |  1  2  3  4  5 |
---------------+----------------+-----
Short Blades   | 1 2 |  2.3
Spellcasting   | 2 |  2.3
Armour         | 1 2 |  2.1
Dodging        | 2 |  2.3
Fighting       | 1 |  1.4
Stealth        | |  3.6
Hexes          | |  2.8

Action                   |  1- 3 |  4- 6 || total
-------------------------+-------+-------++-------
Melee: Dagger            |   174 |   131 ||   305
 Cast: Corona            |     2 |       ||     2
       Ensorcelled Hiber |       |    14 ||    14
       Confuse           |       |     4 ||     4
  Use: Scroll            |       |     7 ||     7
 Stab: Sleeping          |     2 |     6 ||     8
  Eat: Chunk             |    13 |     6 ||    19
Armor: Scale mail        |    50 |       ||    50
       Robe              |     6 |       ||     6
       Leather armour    |    15 |    59 ||    74
Dodge: Dodged            |   114 |   108 ||   222
